 Dungeon Crawl Stone Soup version 0.21-a0-507-ga8f6b7a (webtiles) character file.

28 slep the Skirmisher (level 2, -6/24 HPs)
             Began as a Demonspawn Monk on Nov 28, 2017.
             Mangled by an orc
             ... wielding a +0 trident
              (8 damage)
             ... on level 2 of the Dungeon.
             The game lasted 00:02:25 (736 turns).

slep the Skirmisher (Demonspawn Monk)                Turns: 736, Time: 00:02:26

Health: -6/24      AC:  2    Str: 11    XL:     2   Next: 96%
Magic:  2/2        EV: 13    Int: 11    God:
Gold:   44         SH:  0    Dex: 15    Spells: 1/1 levels left

rFire    . . .     SeeInvis .   a - +0 spear
rCold    . . .     Gourm    .   (no shield)
rNeg     . . .     Faith    .   b - +0 robe
rPois    .         Spirit   .   (no helmet)
rElec    .         Reflect  .   (no cloak)
rCorr    .         Harm     .   (no gloves)
MR       .....                  (no boots)
Stlth    ++........             (no amulet)
HPRegen  0.08/turn              (no ring)
MPRegen  0.08/turn              (no ring)

@: no status effects
A: hooves 1
a: no special abilities


You were on level 2 of the Dungeon.
You were not hungry.

You visited 1 branch of the dungeon, and saw 2 of its levels.

You collected 44 gold pieces.

Inventory:

Hand Weapons
 a - a +0 spear (weapon)
Missiles
 d - 3 needles of confusion
Armour
 b - a +0 robe (worn)
Scrolls
 g - a scroll of teleportation {unknown}
 h - 3 scrolls of enchant weapon {unknown}
Potions
 e - 2 potions of lignification {unknown}
 i - a potion of magic {unknown}
 j - a potion of heal wounds {unknown}
 k - 2 potions of agility {unknown}
Comestibles
 c - a bread ration
 f - 2 meat rations


   Skills:
 + Level 3.4 Fighting
 + Level 3.2 Polearms
 + Level 3.0 Dodging
 + Level 1.8 Stealth


You had one spell level left.
You didn't know any spells.

Dungeon Overview and Level Annotations

Branches:
Dungeon (2/15)

Altars:


Innate Abilities, Weirdness & Mutations

You have large cloven feet.


Message History

Press: ? - help, Dir - move target cursor, f - orc
Aim: an orc, wielding a hand axe and wearing a ring mail You reach to attack!
You closely miss the orc. You hit the orc but do no damage. You kick the orc.
The orc is moderately wounded.
The orc hits you with a hand axe.
You barely miss the orc. You kick the orc.
The orc is severely wounded.
The orc misses you. The orc hits you with a hand axe.
You hit the orc but do no damage. Your kick misses the orc.
The orc is heavily wounded.
The orc hits you from afar with a trident!
The orc hits you with a hand axe.
* * * LOW HITPOINT WARNING * * *
An orc wizard comes into view. It is wielding a dagger.
The orc wizard shouts!
You hit the orc but do no damage. Your kick misses the orc.
The orc is heavily wounded.
The orc hits you from afar with a trident!
You die...

..#.# .#o## ..o..
... .>. #o# #o#
##.# #o# #...#
##@## #.... ##...##
...# ##.....##
##.## ##.......#
##...####.........#
#.......'.........+
##...####.........#
##.## ##.......##
#.# ##.....##


You could see an orc wizard and 4 orcs.

Vanquished Creatures
  A dart slug (D:1)
  2 leopard geckos (D:1)
  A ball python (D:1)
  3 bats (D:1)
  3 giant cockroaches (D:1)
  A goblin (D:1)
  2 hobgoblins (D:1)
  3 jackals (D:1)
  A kobold (D:1)
  2 frilled lizards (D:1)
  A rat (D:1)
20 creatures vanquished.

Notes
Turn   | Place    | Note
-------+----------+-------------------------------------------
     0 | D:1      | slep the Demonspawn Monk began the quest for the Orb.
     0 | D:1      | Reached XP level 1. HP: 18/18 MP: 1/1
   157 | D:1      | Gained mutation: You have large cloven feet. [demonic ancestry]
   157 | D:1      | Reached XP level 2. HP: 16/24 MP: 2/2
   736 | D:2      | Mangled by an orc

Vault maps used:
D:1:      dpeg_arrival_more_subterranean_lakeside_camping
D:2:      lemuel_crystal_altar

Skill      XL: |  1  2 |
---------------+-------+-----
Polearms       | 3 |  3.2
Dodging        | 3 |  3.0
Fighting       | |  3.4
Stealth        | |  1.8

Action                   || total
-------------------------++-------
Melee: Spear             ||    76
       Kick              ||    16
 Stab: Sleeping          ||     1
Armor: Robe              ||    17
Dodge: Dodged            ||    46

Table legend:
 A = Spawn XP
 B = Non-spawn XP
 C = Spawn XP percentage of total XP
 D = Spawn monster count
 E = Non-spawn monster count
 F = Spawn count percentage of total count
 G = Total turns spent on level
                    A         B        C        D         E        F      G
               +---------+---------+-------+---------+---------+-------+---------
         Total |       0 |      40 |   0.0 |       0 |      20 |   0.0 |   736
               +---------+---------+-------+---------+---------+-------+---------
           D:1 |       0 |      40 |   0.0 |       0 |      20 |   0.0 |   697
               +---------+---------+-------+---------+---------+-------+---------
